 Dungeon Crawl Stone Soup version 0.23-a0-445-g768d57b80b (webtiles) character file.

17 ig87 the Grasshopper (level 2, 0/26 HPs)
             Began as a Naga Warper on Nov 17, 2018.
             Slain by Sigmund
             ... wielding a +0 scythe
              (10 damage)
             ... on level 2 of the Dungeon.
             The game lasted 00:03:51 (961 turns).

ig87 the Grasshopper (Naga Warper)                   Turns: 961, Time: 00:03:52

Health: 0/26       AC:  3    Str: 13    XL:     2   Next: 62%
Magic:  5/5        EV:  9    Int: 13    God:
Gold:   92         SH:  0    Dex: 10    Spells: 5/5 levels left

rFire    . . .     SeeInvis +   a - +1 spear
rCold    . . .     Gourm    .   (no shield)
rNeg     . . .     Faith    .   b - +1 leather armour
rPois    +         Spirit   .   (no helmet)
rElec    .         Reflect  .   (no cloak)
rCorr    .         Harm     .   (no gloves)
MR       .....                  (no barding)
Stlth    +.........             (no amulet)
HPRegen  0.08/turn              (no ring)
MPRegen  0.09/turn              (no ring)

@: short of breath, very slow
A: large, see invisible, deformed body, poison resistance, slowness 2, slow
metabolism 1, spit poison 1, AC +0
a: Spit Poison


You were on level 2 of the Dungeon.
You were not hungry.

You visited 1 branch of the dungeon, and saw 2 of its levels.

You collected 92 gold pieces.

Inventory:

Hand Weapons
 a - a +1 spear (weapon)
Missiles
 e - 5 tomahawks of dispersal
 g - 19 stones (quivered)
Armour
 b - a +1 leather armour (worn)
Scrolls
 d - a scroll of blinking
 o - a scroll of identify
Potions
 c - a potion of heal wounds
Comestibles
 f - 5 rations


   Skills:
 + Level 2.1 Fighting
 * Level 2.3 Polearms
 - Level 0.8 Throwing
 + Level 1.0 Armour
 + Level 1.6 Dodging
 + Level 1.2 Stealth
 + Level 2.1 Spellcasting
   Level 3.0 Translocations


You had 5 spell levels left.
You didn't know any spells.
Your spell library contained the following spells:

 Spells                   Type           Power        Failure   Level  Hunger
 Blink                    Tloc           N/A          14%         2    ###....
 Shroud of Golubria       Chrm/Tloc      #.........   26%         2    ###....
 Gell's Gravitas          Tloc           #.........   28%         3    ####...
 Lesser Beckoning         Tloc           #.........   28%         3    ####...
 Teleport Other           Tloc           #.......     28%         3    ####...
 Passage of Golubria      Tloc           N/A          67%         4    #####..


Dungeon Overview and Level Annotations

Branches:
Dungeon (2/15)

Altars:

Annotations:
D:2 Sigmund


Innate Abilities, Weirdness & Mutations

You cannot wear boots.
Your serpentine skin is tough. (AC +0)
You have supernaturally acute eyesight. (SInv)
Armour fits poorly on your strangely shaped body.
Your system is resistant to poisons. (rPois)
You cover ground very slowly.
You have a slow metabolism.
You can spit poison.


Message History

Sigmund is moderately wounded.
Sigmund misses you.
Attack whom?
Press: ? - help, Dir - move target cursor, f/p - Sigmund
Aim: Sigmund, wielding a +0 scythe and wearing a +2 robe of resistance You reach to attack!
You barely miss Sigmund.
Sigmund is moderately wounded.
Attack whom?
Press: ? - help, Dir - move target cursor, f/p - Sigmund
Aim: Sigmund, wielding a +0 scythe and wearing a +2 robe of resistance You reach to attack!
You hit Sigmund.
Sigmund is moderately wounded.
Sigmund barely misses you.
Attack whom?
Press: ? - help, Dir - move target cursor, f/p - Sigmund
Aim: Sigmund, wielding a +0 scythe and wearing a +2 robe of resistance You reach to attack!
You closely miss Sigmund.
Sigmund is moderately wounded.
Sigmund hits you from afar with a +0 scythe!
You die...

#.# #.# # #.# #@####
#.# #....# #.# #.# #.#
#########[###.#
#####.###.>...@.@.....#
#...#.....#######.#####
#.###### #.#
####.######## ...
#............ ....
#.##.######## ...##
#.#<#.## ...## #...##
## ##...#


You could see Sigmund.

Vanquished Creatures
  A dart slug (D:1)
  A leopard gecko (D:1)
  3 goblins (D:1)
  A hobgoblin (D:1)
  2 bats (D:1)
  3 frilled lizards (D:1)
  A kobold (D:1)
  3 rats (D:1)
15 creatures vanquished.

Notes
Turn   | Place    | Note
-------+----------+-------------------------------------------
     0 | D:1      | ig87 the Naga Warper began the quest for the Orb.
     0 | D:1      | Reached XP level 1. HP: 19/19 MP: 3/3
   324 | D:1      | Reached skill level 1 in Stealth
   324 | D:1      | Reached XP level 2. HP: 19/26 MP: 5/5
   473 | D:1      | Reached skill level 1 in Armour
   946 | D:2      | Noticed Sigmund
   961 | D:2      | Slain by Sigmund

Vault maps used:
D:1:      mrwooster_arrival_statue_2
D:2:      minmay_fractal_squares_5, uniq_sigmund

Skill      XL: |  1  2 |
---------------+-------+-----
Stealth        | 1 |  1.2
Armour         | 1 |  1.0
Fighting       | |  2.1
Polearms       | |  2.3
Throwing       | |  0.8
Dodging        | |  1.6
Spellcasting   | |  2.1
Translocations | |  3.0

Action                   || total
-------------------------++-------
Melee: Spear             ||    48
Throw: Stone             ||     1
 Abil: Spit Poison       ||     3
  Use: Scroll            ||     7
       Potion            ||     2
Armor: Leather armour    ||     1
Dodge: Dodged            ||    19

Table legend:
 A = Non-vault XP
 B = Vault XP
 C = Vault XP percentage of total XP
 D = Non-vault monster count
 E = Vault monster count
 F = Vault count percentage of total count
                 A         B        C        D         E       F
            +---------+---------+-------+---------+---------+-------
      Total |      25 |       0 |   0.0 |      15 |       0 |   0.0
            +---------+---------+-------+---------+---------+-------
        D:1 |      25 |       0 |   0.0 |      15 |       0 |   0.0
            +---------+---------+-------+---------+---------+-------
